 Dungeon Crawl Stone Soup version 0.31-a0-232-gb1c03b2570 (webtiles) character file.

Game seed: 5728597937324687553

164 qw the Shooter (level 5, -7/42 HPs)
             Began as a Minotaur Hexslinger on July 7, 2023.
             Mangled by Duvessa
             ... wielding a +0 short sword
              (8 damage)
             ... on level 3 of the Dungeon.
             The game lasted 00:00:55 (2688 turns).

qw the Shooter (Minotaur Hexslinger)                Turns: 2688, Time: 00:00:56

Health: -7/42      AC:  7    Str: 13    XL:     5   Next: 21%
Magic:  5/5        EV: 15    Int: 10    God:
Gold:   229        SH:  0    Dex: 14    Spells: 5/6 levels left

rFire   . . .        Y - +2 sling
rCold   . . .        (no shield)
rNeg    . . .        i - +0 ring mail
rPois   .            (helmet restricted)
rElec   .            a - +1 cloak of Starlight {*Dazzle EV+4 Stlth--}
rCorr   .            (no gloves)
SInv    .            (no boots)
Will    .....        (no amulet) Stlth
                     (no ring)
HPRegen 0.27/turn    (no ring)
MPRegen 0.09/turn

%: no passive effects
@: lethally poisoned (-7 -> -8)
A: horns 2, retaliatory headbutt
a: no special abilities


You were on level 3 of the Dungeon.
You visited 1 branch of the dungeon, and saw 4 of its levels.

You collected 229 gold pieces.


Innate Abilities, Weirdness & Mutations

You have a pair of horns on your head.
You reflexively headbutt those who attack you in melee.


   Skills:
 + Level 2.7 Fighting
 - Level 5.0 Ranged Weapons
 - Level 2.3 Armour
 - Level 2.1 Dodging
 - Level 1.0 Spellcasting
 - Level 2.0 Hexes


You had 5 spell levels left.
You knew the following spells:

 Your Spells              Type           Power      Damage    Failure   Level
a - Slow                  Hex            16%        N/A       32%         1

Your spell library contained the following spells:

 Spells                   Type           Power      Damage    Failure   Level
 Inner Flame              Hex/Fire       2%         N/A       82%         3
 Portal Projectile        Hex/Tloc       4%         N/A       82%         3
 Cause Fear               Hex            2%         N/A       97%         4

Inventory:

Hand Weapons
 Y - a +2 sling (weapon)
Armour
 a - the +1 cloak of Starlight (worn) {*Dazzle EV+4 Stlth--}
   (You acquired it on level 1 of the Dungeon)

   *Dazzle:   It may blind those who miss an attack against the wearer in melee
   combat.
   EV:        It affects your evasion (+4).
   Stlth:     It makes you much less stealthy.
 i - a +0 ring mail (worn)
Jewellery
 d - a ring of fire
Scrolls
 b - 2 scrolls of identify
Potions
 e - 2 potions of enlightenment
 f - a potion of curing
 g - a potion of haste

Dungeon Overview and Level Annotations

Branches:
Dungeon (4/15)
 Temple: D:4-7

Altars:
Xom

Shops:
D:2 :

Annotations:
D:3 Duvessa


Message History

There is a stone staircase leading up, spattered with blood here.
2681 ||| STAIRDANCE The adder bites you.
Duvessa closely misses you. Dowan closely misses you.
The adder closely misses you. You furiously retaliate!
You headbutt the adder.
You climb upwards.
There is a stone staircase leading down here.
You shoot a sling bullet. The sling bullet hits Dowan.
Dowan is moderately wounded.
Duvessa hits you with a +0 short sword. Dowan hits you but does no damage.
You are poisoned.
You shoot a sling bullet.
The sling bullet hits Dowan but does no damage.
Dowan is moderately wounded.
You feel very sick. Duvessa hits you with a +0 short sword.
Dowan barely misses you. You furiously retaliate!
You headbutt Dowan! You shoot a sling bullet. The sling bullet hits Dowan.
Dowan is severely wounded.
You feel sick. Dowan gestures at you while chanting.
The puff of flame hits you. Duvessa hits you with a +0 short sword!
Duvessa closely misses you. Dowan closely misses you. You furiously retaliate!
You headbutt Dowan. You shoot a sling bullet. The sling bullet hits Dowan.
You kill Dowan!
Duvessa weeps, and shakes her weapon.
Duvessa goes berserk!
You feel sick. Duvessa hits you with a +0 short sword.
The adder bites you but does no damage. Duvessa barely misses you.
Your Armour skill gained 2 levels and is now at level 2!
You have reached level 5!
You shoot a sling bullet. The sling bullet hits the adder.
The adder is heavily wounded.
You feel sick. The adder barely misses you. You furiously retaliate!
You headbutt the adder. Duvessa barely misses you. You furiously retaliate!
You headbutt Duvessa, but do no damage. The adder misses you.
You shoot a sling bullet. The sling bullet hits the adder.
The adder is almost dead.
You feel sick. Duvessa hits you with a +0 short sword!
You die...

#######.#########.
#.......#...[.....
#.#####.##.######. #.# #.##.#
#... ##############.#
#.##.####.#. #............#.#
#.##.##..... #.##########.#.#
#.##.##.#.#. #.#
#.#S#####.##.##.#.#. #.#
#.#@e...#.##.##.#.#. #.#
#.#####.#.##.##.#.#. #.#
#..........#.##.#.#. #.#
######.##..#<##.#.##
#.############# #.....)....#...
#.#...........#######.#########
#......######.#................
#......# #.#.#####.#######..
#......# #.#.#..............


You could see Duvessa (berserk) and an adder.

Vanquished Creatures
  Dowan (D:3)
  4 gnolls
  An adder (D:2)
  2 dart slugs (D:1)
  7 ball pythons
  6 bats
  An endoplasm (D:3)
  6 giant cockroaches (D:1)
  8 goblins
  2 hobgoblins
  4 jackals (D:2)
  4 quokkas
  5 frilled lizards
  3 kobolds
  9 rats
63 creatures vanquished.

Notes
Turn   | Place    | Note
-------+----------+-------------------------------------------
     0 | D:1      | qw the Minotaur Hexslinger began the quest for the Orb.
     0 | D:1      | Reached XP level 1. HP: 16/16 MP: 1/1
     0 | D:1      | 0 ||| qw: Version: 0.3-a-46-gb1f654a
     0 | D:1      | 0 ||| qw: Game counter: 2751
     0 | D:1      | 0 ||| qw: Melee chars always use a shield: true
     0 | D:1      | 0 ||| qw: God list: Okawaru
     0 | D:1      | 0 ||| qw: Allow faded altars: false
     0 | D:1      | 0 ||| qw: Do Orc after clearing Dungeon:15 true
     0 | D:1      | 0 ||| qw: Do second Lair branch before Depths: true
     0 | D:1      | 0 ||| qw: Lair rune preference: random
     0 | D:1      | 0 ||| qw: Goals: Normal
     0 | D:1      | 0 ||| PLANNING D:1-11
   187 | D:1      | Reached skill level 3 in Ranged Weapons
   187 | D:1      | Reached XP level 2. HP: 23/23 MP: 2/2
   269 | D:1      | 269 ||| FLEEEEING.
   270 | D:1      | 270 ||| FLEEEEING.
   271 | D:1      | 271 ||| FLEEEEING.
   272 | D:1      | 272 ||| FLEEEEING.
   273 | D:1      | 273 ||| FLEEEEING.
   274 | D:1      | 274 ||| FLEEEEING.
   320 | D:1      | Reached XP level 3. HP: 29/29 MP: 3/3
   722 | D:1      | Reached skill level 4 in Ranged Weapons
   734 | D:1      | 734 ||| READING scroll labelled KUOPNO TYVVUS.
   735 | D:1      | 735 ||| READING scroll labelled SYEXZIYHEFF.
   735 | D:1      | Identified a scroll of acquirement
   735 | D:1      | 735 ||| ACQUIRING +1 cloak of Starlight {*Dazzle EV+4
                  | Stlth--}
   735 | D:1      | Acquired the +1 cloak of Starlight {*Dazzle EV+4 Stlth--}
   735 | D:1      | Found the +1 cloak of Starlight {*Dazzle EV+4 Stlth--}
   737 | D:1      | 737 ||| UPGRADING to +1 cloak of Starlight {*Dazzle EV+4
                  | Stlth--}.
   742 | D:1      | 742 ||| READING scroll labelled OGIGHA FOEN.
   743 | D:1      | 743 ||| DRINKING 2 sedimented grey potions.
   750 | D:1      | 750 ||| DROPPING scroll of poison.
   751 | D:1      | 751 ||| DROPPING potion of ambrosia.
  1035 | D:2      | Reached XP level 4. HP: 25/36 MP: 4/4
  1173 | D:2      | HP: 4/36 [gnoll/+0 halberd (12)]
  1207 | D:2      | Reached skill level 5 in Ranged Weapons
  1647 | D:2      | Found Josh's Book Shop.
  1700 | D:2      | 1700 ||| READING scroll labelled QUAM DIXZIL.
  1701 | D:2      | 1701 ||| DRINKING 2 sedimented white potions.
  1702 | D:2      | 1702 ||| READING 2 scrolls of identify.
  1702 | D:2      | 1702 ||| IDENTIFYING green potion
  1783 | D:3      | Found a shimmering altar of Xom.
  1865 | D:3      | Found a faded altar of an unknown god.
  2529 | D:3      | 2529 ||| UPGRADING to +0 leather armour.
  2539 | D:3      | 2539 ||| DROPPING +0 robe.
  2540 | D:3      | 2540 ||| UPGRADING to +0 ring mail.
  2550 | D:3      | 2550 ||| DROPPING +0 leather armour.
  2551 | D:3      | 2551 ||| READING 3 scrolls of identify.
  2551 | D:3      | 2551 ||| IDENTIFYING brown potion
  2588 | D:4      | Noticed Dowan
  2595 | D:4      | 2595 ||| FLEEEEING.
  2598 | D:4      | Noticed Duvessa
  2599 | D:4      | 2599 ||| FLEEEEING.
  2600 | D:4      | 2600 ||| STAIRDANCE
  2629 | D:4      | 2629 ||| STAIRDANCE
  2655 | D:4      | 2655 ||| STAIRDANCE
  2681 | D:4      | 2681 ||| STAIRDANCE
  2685 | D:3      | HP: 7/37 [Duvessa/+0 short sword (9)]
  2686 | D:3      | Killed Dowan
  2686 | D:3      | HP: 2/37 [Duvessa/+0 short sword (3)]
  2687 | D:3      | Reached XP level 5. HP: 3/42 MP: 5/5
  2688 | D:3      | Mangled by Duvessa

Levels and vault maps discovered:
D:1:      elethiomel_arrival_quiet, layout_basic, minmay_misc_feat_tower
D:2:      layout_basic, serial_shops, shop
D:3:      layout_basic, mainiacjoe_overflow_tiny_flanked,
          hellmonk_ecumenical_altar_arch_garden
D:4:      layout_basic, gammafunk_temple_overflow_elements, uniq_grinder,
          uniq_duvessa

Skill      XL: |  1  2  3  4 |
---------------+-------------+-----
Ranged Weapons | 3 4 5 |  5.0
Fighting       | 2 |  2.7
Armour         | 2 |  2.3
Dodging        | |  2.1
Spellcasting   | |  1.0
Hexes          | |  2.0

Action                     |  1- 3 |  4- 6 || total
---------------------------+-------+-------++-------
   Fire: Sling             |   112 |    72 ||   184
    Use: Scroll            |     3 |     3 ||     6
         Potion            |     1 |     1 ||     2
 Armour: Robe              |     8 |     2 ||    10
         Ring mail         |       |     3 ||     3
  Dodge: Dodged            |    20 |    42 ||    62

Table legend:
 A = Non-vault XP
 B = Vault XP
 C = Vault XP percentage of total XP
 D = Non-vault monster count
 E = Vault monster count
 F = Vault count percentage of total count
                 A         B        C        D         E       F
            +---------+---------+-------+---------+---------+-------
      Total |     166 |      69 |  29.4 |      62 |       1 |   1.6
            +---------+---------+-------+---------+---------+-------
        D:1 |      70 |       0 |   0.0 |      32 |       0 |   0.0
        D:2 |      87 |       0 |   0.0 |      23 |       0 |   0.0
        D:3 |       9 |      69 |  88.5 |       7 |       1 |  12.5
            +---------+---------+-------+---------+---------+-------
